 Dungeon Crawl Stone Soup version 0.28.0-53-g5a82cb258f (webtiles) character file.

Game seed: 687575241991707450

29912 buhh the Frost Mage (level 13, 0/110 HPs)
             Began as an Octopode Transmuter on June 17, 2022.
             Was an Elder of Cheibriados.
             Slain by Snorg (16 damage)
             ... on level 3 of the Lair of Beasts.
             The game lasted 01:07:24 (25603 turns).

buhh the Frost Mage (Octopode Transmuter)          Turns: 25603, Time: 01:07:25

Health: 0/110      AC: 12    Str: 19    XL:     13   Next: 48%
Magic:  0/21       EV: 13    Int: 28    God:    Cheibriados [****..]
Gold:   1016       SH:  0    Dex: 22    Spells: 4/16 levels left

rFire   . . .      SeeInvis .     - Unarmed
rCold   + + +      Faith    .   (shield currently unavailable)
rNeg    . . .      Spirit   .   (helmet currently unavailable)
rPois   +          Reflect  .   (no amulet)
rElec   .          Harm     .   p - ring of protection from cold
rCorr   .          Rampage  .   b - ring of protection from fire
Will    .....                   m - ring of poison resistance
Stlth   ++........              (no ring)
HPRegen 0.28/turn               (no ring)
MPRegen 0.17/turn               (no ring)
                                (no ring)
                                (no ring)

@: ice-form, very slow
A: freezing attack, boosted hp, almost no armour, amphibious, 8 rings, large,
(camouflage 1), (gelatinous body 1), (nimble swimmer 1), (tentacles)
a: End Transformation, Renounce Religion, Bend Time, Temporal Distortion, Slouch


You were on level 3 of the Lair of Beasts.
You worshipped Cheibriados.
Cheibriados was greatly pleased with you.
You were a creature of crystalline ice.
You visited 3 branches of the dungeon, and saw 15 of its levels.
You also visited: Ossuary and Ice Cave.

You collected 1016 gold pieces.

Inventory:

Missiles
 c - 4 throwing nets {!f}
 e - 12 boomerangs
 i - 21 poisoned darts
 w - a curare-tipped dart
 G - 6 javelins
Armour
 y - a +1 buckler of cold resistance {!d}
Magical Staves
 q - a staff of conjuration
Jewellery
 b - a ring of protection from fire (right front paw)
 m - a ring of poison resistance (on tentacle)
 p - a ring of protection from cold (left front paw)
 x - an amulet of faith {!P}
Wands
 f - a wand of flame (9)
 u - a wand of polymorph (22)
 v - a wand of digging (7)
Scrolls
 a - 4 scrolls of vulnerability
 g - a scroll of identify {!d}
 o - 2 scrolls of brand weapon
 t - a scroll of fear {!r}
 F - a scroll of enchant weapon
 Q - 3 scrolls of fog
 R - a scroll of torment
 X - 4 scrolls of amnesia
 Y - 2 scrolls of holy word {!r!d}
 Z - a scroll of enchant armour
Potions
 d - a potion of mutation {unknown}
 h - 2 potions of berserk rage {!q}
 j - 3 potions of brilliance {unknown}
 k - 3 potions of flight
 l - 3 potions of lignification {!d}
 n - 2 potions of attraction
 r - a potion of magic {unknown}
 s - 5 potions of degeneration
 B - a potion of ambrosia {!q!d}
 O - 2 potions of haste {!q!d}


   Skills:
 - Level 10.0 Fighting
 - Level 2.0 Throwing
 - Level 5.0 Dodging
 - Level 1.0 Stealth
 - Level 10.0 Unarmed Combat
 - Level 2.0 Spellcasting
 - Level 3.0 Hexes
 - Level 8.0 Transmutations
 * Level 11.8 Ice Magic
 - Level 11.0 Invocations


You had 4 spell levels left.
You knew the following spells:

 Your Spells              Type           Power      Damage    Failure   Level
a - Beastly Appendage     Tmut           94%        N/A       1%          1
b - Wereblood             Tmut           47%        N/A       1%          2
c - Spider Form           Tmut/Pois      25%        N/A       5%          3
d - Ice Form              Ice/Tmut       55%        N/A       1%          4
e - Ensorcelled Hibernat  Hex/Ice        88%        N/A       1%          2

Your spell library contained the following spells:

 Spells                   Type           Power      Damage    Failure   Level
 Hailstorm                Conj/Ice       36%        3d9       8%          4
 Magic Dart               Conj           8%         1d3       9%          1
 Anguish                  Hex/Necr       5%         N/A       43%         4
 Simulacrum               Ice/Necr       18%        N/A       77%         6


Dungeon Overview and Level Annotations

Branches:
Dungeon (11/15)            Temple (1/1) D:7            Lair (3/6) D:10
Ossuary (visited)           IceCv (visited)
  Swamp: Lair:2-4    Shoals: Lair:2-4     Snake: Lair:2-4    Spider: Lair:2-4
    Orc: D:9-12

Altars:
Cheibriados
Dithmenos
Elyvilon
Fedhas
Gozag
Hepliaklqana
Kikubaaqudgha
Makhleb
Nemelex Xobeh
Qazlal
Ru
Sif Muna
Trog
Uskayaw
Vehumet
Wu Jian
Yredelemnul
Zin

Annotations:
D:7 2 exclusions, Dowan, Pikel
Lair:1 3 runed translucent doors, Valamore's ghost, journeyman DESu
Lair:2 exclusion: oklob plant
Lair:3 Snorg


Innate Abilities, Weirdness & Mutations

You are a creature of crystalline ice.
You have a powerful freezing melee attack.
Your maximum health is increased.
Your armour is entirely melded.
You are incapable of wielding weapons or throwing items.
You cannot wear most types of armour.
You are amphibious.
You can wear up to eight rings at the same time.
((Your skin changes colour to match your surroundings (Stealth+).))
((Your rubbery body absorbs attacks. (AC +1, EV +1)))
((You are camouflaged when in or above water. (Stealth+)))
((You have tentacles for arms and can constrict up to eight enemies at once.))


Message History

Press: ? - help, Dir - look around, f - activate You can feel time thicken for a moment.
You kill the blink frog!
Cheibriados thoroughly appreciates the change of pace.
You kill the blink frog!
Cheibriados thoroughly appreciates the change of pace.
You kill the blink frog!
Cheibriados thoroughly appreciates the change of pace.
You kill the blink frog!
Cheibriados thoroughly appreciates the change of pace.
You kill the blink frog!
Cheibriados thoroughly appreciates the change of pace.
Cheibriados lowers the support of your attributes as your movement quickens.
Snorg bites you! Snorg claws you but does no damage. Snorg closely misses you.
Activating: Slouch (1% risk of failure)
Press: ? - help, Dir - look around, f - activate You can feel time thicken for a moment.
You can no longer step out of the flow of time.
Cheibriados lowers the support of your attributes as your movement quickens.
Snorg bites you but does no damage. Snorg misses you. x2; Snorg bites you.
Snorg claws you! x2
Activating: Slouch (1% risk of failure)
Press: ? - help, Dir - look around, f - activate You can feel time thicken for a moment.
Cheibriados lowers the support of your attributes as your movement quickens.
Snorg closely misses you. Snorg claws you but does no damage. Snorg claws you!
You don't have enough magic at the moment.
Unknown command.
Okay, then.
Okay, then.
Really quaff
N - a potion of curing {!q!d}?
You feel better. Snorg bites you!
* * * LOW HITPOINT WARNING * * *
Snorg misses you. x2; Snorg bites you!
* * * LOW HITPOINT WARNING * * *
Snorg closely misses you. Snorg claws you but does no damage.
You punch Snorg! You freeze Snorg.
Snorg is almost dead.
Snorg bites you!
You die...

#P.....#..#....##....#
#..............##....##.P
##........<...<..........
########......#.#.#.#....
###†...#######.†.≈ ###
#......# .≈≈
####.###......## # .≈
#..............#P.#
#.........YT.†.....
#.##P####.#††......
###### ###...#PP..
#P..###.. ##..P# .....
...... ....... .......


You could see Snorg (berserk).

Vanquished Creatures
  3 hydras
  Harold (D:7)
  2 death yaks
  A bog body (Lair:2)
  A manticore (D:11)
  3 black mambas (Lair:1)
  3 cane toads
  2 ice statues
  3 rime drakes
  A gargoyle (D:9)
  5 komodo dragons
  5 ice devils
  An anaconda simulacrum (Lair:2)
  13 polar bears
  Grinder (D:6)
  2 trolls
  6 dream sheep (Lair:2)
  5 blink frogs (Lair:3)
  Sigmund (D:2)
  30 yaks
  A wraith (D:9)
  4 basilisks
  6 wyverns
  A steam dragon (D:9)
  8 water moccasins
  2 hornet zombies (D:8)
  An orc warrior (D:8)
  A black bear (D:7)
  4 necrophages
  2 centaurs
  2 ogres
  28 wolves
  2 lemures (D:7)
  A kobold brigand (D:6)
  A wyvern zombie (D:8)
  11 bullfrogs
  3 scorpions
  A two-headed ogre simulacrum (Lair:2)
  8 killer bees
  A water moccasin skeleton (D:5)
  A howler monkey (D:9)
  4 wights (D:10)
  2 centaur zombies
  2 hounds
  4 jellies
  A bullfrog skeleton (D:7)
  4 orc priests
  A centaur skeleton (D:7)
  Jessica (D:2)
  Natasha (thrice) (D:4)
  3 iguanas
  8 orc wizards
  2 troll simulacra (Lair:2)
  Terence (D:2)
  2 hound skeletons (D:4)
  8 mummies (Ossuary)
  A howler monkey zombie (D:8)
  Robin (D:2)
  2 howler monkey skeletons
  4 gnolls (D:8)
  9 adders
  A shadow imp (D:6)
  A white imp (D:5)
  An adder skeleton (D:4)
  3 dart slugs
  21 orcs
  8 endoplasms
  7 giant cockroaches
  17 hobgoblins
  3 quokkas
  8 ball pythons
  5 bats
  A frilled lizard (D:3)
  A gnoll zombie (Ossuary)
  15 goblins
  2 hobgoblin zombies (Ossuary)
  7 kobolds
  2 kobold zombies (Ossuary)
  3 orc zombies (Ossuary)
  5 rats
352 creatures vanquished.

Vanquished Creatures (collateral kills)
  2 death yaks (IceCv)
2 creatures vanquished.

Vanquished Creatures (others)
  19 fungi
  49 plants
68 creatures vanquished.

Grand Total: 422 creatures vanquished

Notes
Turn   | Place    | Note
-------+----------+-------------------------------------------
     0 | D:1      | buhh the Octopode Transmuter began the quest for the Orb.
     0 | D:1      | Reached XP level 1. HP: 13/13 MP: 3/3
   256 | D:1      | Reached XP level 2. HP: 16/19 MP: 3/5
   530 | D:1      | Found a faded altar of an unknown god.
  1297 | D:2      | Noticed Terence
  1435 | D:2      | Noticed Sigmund
  1618 | D:2      | Reached XP level 3. HP: 18/25 MP: 4/6
  2008 | D:2      | Noticed Jessica
  2018 | D:2      | Killed Jessica
  2019 | D:2      | Reached XP level 4. HP: 5/32 MP: 5/7
  2783 | D:2      | Noticed Robin
  3254 | D:2      | Learned a level 2 spell: Wereblood
  3308 | D:2      | Killed Robin
  3508 | D:2      | Reached XP level 5. HP: 38/38 MP: 6/8
  4340 | D:3      | Found a glowing silver altar of Zin.
  4897 | D:3      | Reached XP level 6. HP: 36/45 MP: 7/9
  5113 | D:4      | Found a sacrificial altar of Ru.
  5178 | D:4      | Found an opulent altar of Gozag.
  5495 | D:4      | Found a sand-covered staircase.
  5503 | Ossuary  | Entered an ossuary
  5781 | Ossuary  | Reached XP level 7. HP: 41/50 MP: 10/10
  6323 | D:4      | Noticed Natasha
  6329 | D:4      | Killed Natasha
  6404 | D:4      | Learned a level 3 spell: Spider Form
  6409 | D:4      | Learned a level 4 spell: Ice Form
  6450 | D:4      | Found a shimmering blue altar of Sif Muna.
  6452 | D:4      | Found an ancient bone altar of Kikubaaqudgha.
  6453 | D:4      | Found a radiant altar of Vehumet.
  6465 | D:4      | Got Vehumet's Compendium of Confrontation
  6818 | D:4      | Noticed Natasha
  6826 | D:4      | Killed Natasha
  6910 | D:4      | Noticed Natasha
  6919 | D:4      | Killed Natasha
  7069 | D:5      | Entered Level 5 of the Dungeon
  7697 | D:5      | Reached XP level 8. HP: 43/55 MP: 11/11
  8270 | D:6      | Noticed Grinder
  8270 | D:6      | Paralysed by Grinder for 5 turns
  8514 | D:6      | Noticed a wyvern
  8827 | D:6      | Killed a wyvern
  9412 | D:6      | Killed Grinder
  9863 | D:2      | Killed Sigmund
  9864 | D:2      | Reached XP level 9. HP: 61/61 MP: 8/12
  9976 | D:2      | Killed Terence
 10805 | D:7      | Found a staircase to the Ecumenical Temple.
 10858 | D:7      | Noticed Harold
 10875 | D:7      | Killed Harold
 10932 | D:7      | Found a sparkling altar of Nemelex Xobeh.
 11144 | Temple   | Entered the Ecumenical Temple
 11276 | Temple   | Became a worshipper of Cheibriados the Contemplative
 11390 | D:7      | Noticed Dowan
 11598 | D:7      | Noticed Pikel
 11605 | D:7      | Noticed Pikel
 11605 | D:7      | Pikel changed into Pikel the human
 11936 | D:7      | Noticed Pikel
 11936 | D:7      | Pikel the human changed into Pikel the shapeshifter
 11937 | D:7      | Noticed Pikel
 11937 | D:7      | Pikel the shapeshifter changed into Pikel the blink frog
 11938 | D:7      | Pikel the blink frog changed into something unseen
 12033 | D:7      | Noticed Pikel
 12124 | D:7      | Noticed Pikel
 12147 | D:7      | Noticed Pikel
 12147 | D:7      | Pikel the lindwurm changed into Pikel the death drake
 12774 | D:8      | Reached XP level 10. HP: 32/69 MP: 10/13
 13035 | D:8      | Reached * piety under Cheibriados
 14029 | D:9      | Found a blossoming altar of Fedhas.
 14121 | D:9      | Noticed a two-headed ogre
 14440 | D:9      | Noticed a gargoyle
 14462 | D:9      | Killed a gargoyle
 14687 | D:9      | Found a burning altar of Makhleb.
 14949 | D:10     | Entered Level 10 of the Dungeon
 15318 | D:10     | Reached ** piety under Cheibriados
 15842 | D:10     | Found a staircase to the Lair.
 15912 | D:10     | Reached XP level 11. HP: 64/81 MP: 14/14
 16343 | D:10     | Identified the +0 leather armour of Discretion {Str+3
                  | Int+4}
 17091 | D:11     | Identified a scroll of acquirement
 17091 | D:11     | Acquired a ring of protection from fire
 17098 | D:11     | Noticed a manticore
 17113 | D:11     | Killed a manticore
 17322 | D:11     | Found a frozen archway.
 17509 | IceCv    | Entered an ice cave
 17971 | IceCv    | Reached *** piety under Cheibriados
 18586 | IceCv    | Noticed a death yak
 18586 | IceCv    | Noticed a death yak
 19050 | IceCv    | Reached **** piety under Cheibriados
 19354 | IceCv    | Noticed a death yak
 19368 | IceCv    | Killed a death yak
 19369 | IceCv    | Reached XP level 12. HP: 85/87 MP: 18/20
 19375 | IceCv    | Killed a death yak
 19376 | IceCv    | Reached skill level 11 in Invocations
 19382 | IceCv    | Killed a death yak
 19741 | IceCv    | Noticed a frost giant
 20199 | Lair:1   | Entered Level 1 of the Lair of Beasts
 21707 | Lair:1   | Found a runed translucent gate.
 21707 | Lair:1   | Found a runed translucent gate.
 21707 | Lair:1   | Found a runed translucent gate.
 21709 | Lair:1   | Noticed Valamore's ghost (journeyman DESu)
 22442 | Lair:2   | Noticed a seven-headed hydra
 22748 | Lair:2   | Noticed a death yak
 23271 | Lair:2   | Reached ***** piety under Cheibriados
 23291 | Lair:2   | Reached XP level 13. HP: 64/92 MP: 15/21
 23885 | Lair:2   | Learned a level 2 spell: Ensorcelled Hibernation
 24752 | Lair:2   | Reached skill level 11 in Ice Magic
 25592 | Lair:3   | Noticed Snorg
 25603 | Lair:3   | Slain by Snorg

Illustrated notes

Levels and vault maps discovered:
D:1:      nicolae_arrival_memento_mori, layout_basic,
          shapermc_ecumenical_altar_notcrosses
D:2:      minmay_recursive_quarters, layout_basic, uniq_terence, uniq_robin,
          uniq_jessica, uniq_sigmund
D:3:      layout_loops_ring, zin_treasury, roderic_lattice_a, solitary_fountain
D:4:      layout_loops_cross, grunt_temple_overflow_magic_moments,
          grunt_gozag_statues, mainiacjoe_overflow_chevrons,
          chequers_ossuary_entry_cave, kennysheep_small_circle, uniq_natasha
D:5:      layout_gridville, minmay_tree_intersection
D:6:      layout_basic, uniq_grinder
D:7:      layout_basic, nemelex_xobeh_ov_fountains_minmay, temple_fountains,
          uniq_harold, uniq_duvessa, uniq_pikel
D:8:      layout_loops_ring
D:9:      layout_loops_ring, old_standard_altar, fedhas_altar_2, david_orc_5
D:10:     layout_roguey, minmay_lair_entry_grove, amcnicky_mini_pool_small,
          chequers_serial_rivers_small_b, serial_bayou_ford_a
D:11:     layout_loops_ring, portal_ice_cave_demonic_guard
Temple:   oiseaux_autumnal_temple
Lair:1:   layout_hall_layers, gammafunk_ghost_necromancy, lemuel_fruit_fields,
          serial_bayou_shore_a, infiniplex_staircase_pool_2
Lair:2:   dreamdust_isle_of_ice, layout_misc_corridors, nzn_random_ring
Lair:3:   layout_small_grid, nicolae_spider_entry_orb_guardian,
          nicolae_quartered_pool_medium, st_stairs_9, roderic_carrion_pond,
          infiniplex_staircase_pool, uniq_snorg

Skill      XL: |  1  2  3  4  5  6  7  8  9 10 11 12 13 |
---------------+----------------------------------------+-----
Stealth        | 1 |  1.0
Fighting       | 2 3 4 5 6 9 10 | 10.0
Throwing       | 1 2 |  2.0
Transmutations | 3 4 6 8 |  8.0
Ice Magic      | 2 6 8 9 11 | 11.8
Unarmed Combat | 5 10 | 10.0
Invocations    | 5 10 11 | 11.0
Dodging        | 3 5 |  5.0
Hexes          | 3 |  3.0
Spellcasting   | |  2.0

Action                   |  1- 3 |  4- 6 |  7- 9 | 10-12 | 13-15 || total
-------------------------+-------+-------+-------+-------+-------++-------
Melee: Unarmed           |    56 |   171 |   279 |   569 |   115 ||  1190
       Constrict         |    17 |    50 |    18 |     3 |       ||    88
       Tentacles         |    11 |    30 |    20 |     3 |       ||    64
       Kick              |     9 |    57 |    35 |       |       ||   101
       Punch             |       |     2 |     3 |       |       ||     5
Throw: Boomerang         |       |     2 |       |       |       ||     2
       Dart              |       |       |    25 |       |       ||    25
 Cast: Beastly Appendage |    13 |    38 |    18 |       |       ||    69
       Wereblood         |       |     2 |     2 |    14 |     1 ||    19
       Spider Form       |       |       |     7 |       |       ||     7
       Ice Form          |       |       |    28 |    84 |    21 ||   133
       Ensorcelled Hiber |       |       |       |       |    12 ||    12
Invok: Slouch            |       |       |       |     2 |     3 ||     5
Evoke: Wand              |       |     4 |     4 |       |     1 ||     9
  Use: Scroll            |     4 |     2 |    13 |    14 |     2 ||    35
       Potion            |       |     4 |     5 |     8 |     2 ||    19
 Stab: Sleeping          |     5 |     4 |     6 |       |     4 ||    19
       Distracted        |       |     1 |       |     1 |       ||     2
       Invisible         |       |       |       |     4 |       ||     4
Armor: Skin              |     3 |    14 |    71 |   230 |    63 ||   381
Dodge: Dodged            |    29 |    95 |   139 |   383 |    87 ||   733
